AoeStats
← SuckinFahts

Runestones

508090726Analyzed
1v1 RM · 12d ago on Sep 20, 2026· 49m 13s· 2 players
Game mode
Random Map
Map size
Tiny (2 player)
Population
200
Speed
Normal
Resources
Standard
Victory
Conquest
Starting age
Dark Age
Ending age
Imperial Age
RankedLock teamsTeams togetherTeam positionsShared explorationLock speedFull tech treeHidden civsTurbo modeCheats
Victory
Defeat
🇬🇧 Celts · United Kingdom
901
+15
🇺🇸 Teutons · United States
882
-15
SuckinFahts
9:29 Feudal Age
8:09 Loom
9:54 Horse Collar
10:03 Double-Bit Axe
15:16 Bloodlines
15:38 Town Watch
18:47 Forging
22:36 Castle Age
22:23 Wheelbarrow
23:39 Scale Barding Armor
25:29 Bow Saw
28:13 Pikeman
29:40 Iron Casting
32:15 Stone Mining
33:07 Hand Cart
34:40 Heavy Plow
36:45 Arson
37:06 Squires
43:01 Imperial Age
42:19 Fletching
42:36 Town Patrol
44:09 Conscription
43:51 Gold Mining
45:21 Chemistry
45:04 Ballistics
44:51 Guard Tower
44:52 Cavalier
46:41 Crenellations
47:17 Crenellations
48:16 Scale Mail Armor
49:16 Blast Furnace
47:52 Halberdier
48:18 Gambesons
brightonpig
6:08 Loom
11:32 Feudal Age
12:36 Double-Bit Axe
12:34 Man-at-Arms
13:08 Horse Collar
23:23 Castle Age
24:05 Heavy Plow
24:17 Bow Saw
25:56 Forging
25:51 Scale Barding Armor
29:59 Elite Skirmisher
35:24 Imperial Age
34:45 Iron Casting
34:31 Chain Barding Armor
35:52 Cavalier
37:36 Blast Furnace
37:25 Wheelbarrow
36:36 Town Watch
38:10 Fletching
38:42 Ballistics
38:33 Masonry
38:29 Siege Engineers
39:36 Conscription
40:26 Hand Cart
40:11 Town Patrol
41:16 Hoardings
42:54 Chemistry
41:55 Bodkin Arrow
41:26 Elite Skirmisher
41:30 Heavy Scorpion
42:50 Paladin
43:31 Husbandry
44:57 Padded Archer Armor
44:59 Scale Mail Armor
44:42 Pikeman
46:10 Furor Celtica
45:31 Halberdier
47:10 Chain Mail Armor
47:17 Stronghold
Connection lost

Rejoining the realm…

Still unreachable

The connection could not be restored.

Session expired

The server has moved on; the page needs a fresh start.